 Dungeon Crawl Stone Soup version 0.29.1-1-gd02db6906a (webtiles) character file.

Game seed: 13482729820545428320

1 croobank the Caller (level 1, 0/7 HPs)
             Began as a Felid Summoner on Oct 21, 2022.
             Slain by a quokka (4 damage)
             ... on level 1 of the Dungeon.
             The game lasted 00:00:29 (130 turns).

croobank the Caller (Felid Summoner)                 Turns: 130, Time: 00:00:30

Health: 0/7        AC:  1    Str:  4    XL:     1   Next: 16%
Magic:  3/4        EV: 17    Int: 16    God:
Gold:   11         SH:  0    Dex: 16    Spells: 3/4 levels left
                                        Lives:  0   Deaths: 0

rFire   . . .      SeeInvis +   (weapon unavailable)
rCold   . . .      Faith    .   (shield unavailable)
rNeg    . . .      Spirit   .   (body armour unavailable)
rPois   .          Reflect  .   (helmet unavailable)
rElec   .          Harm     .   (cloak unavailable)
rCorr   .          Rampage  .   (gloves unavailable)
Will    .....                   (boots unavailable)
Stlth   ++........              (no amulet)
HPRegen 0.02/turn               (no ring)
MPRegen 0.09/turn               (no ring)

@: quick
A: very small, claws 1, fangs 3, see invisible, speed 1, shaggy fur 1, stealthy
paws, no weapons or thrown items, no armour, multi-lived
a: no special abilities


You were on level 1 of the Dungeon.
You visited 1 branch of the dungeon, and saw 1 of its levels.

You collected 11 gold pieces.

Inventory:

Scrolls
 b - a scroll of teleportation {unknown}
Potions
 a - a potion of magic


   Skills:
 + Level 2.7 Dodging
 + Level 2.7 Stealth
 + Level 2.0 Spellcasting
 + Level 4.0 Summonings


You had 3 spell levels left.
You knew the following spells:

 Your Spells              Type           Power      Damage    Failure   Level
a - Summon Small Mammal   Summ           56%        N/A       4%          1

Your spell library contained the following spells:

 Spells                   Type           Power      Damage    Failure   Level
 Call Imp                 Summ           14%        N/A       6%          2
 Call Canine Familiar     Summ           14%        N/A       12%         3
 Summon Guardian Golem    Hex/Summ       8%         N/A       26%         3
 Summon Lightning Spire   Summ/Air       8%         N/A       65%         4


Dungeon Overview and Level Annotations

Branches:
Dungeon (1/15)

Altars:


Innate Abilities, Weirdness & Mutations

You have sharp claws.
You have razor-sharp teeth.
You have supernaturally acute eyesight. (SInv)
You cover ground quickly. (Speed+)
You are covered in fur. (AC +1)
Your paws help you pounce on unaware monsters.
You are incapable of wielding weapons or throwing items.
You cannot wear armour.
You gain extra lives every three experience levels.


Message History

You see here a bat corpse.
You open the door.
Found a robe.
Found an escape hatch in the floor.
A quokka and a bat come into view.
There is an open door here.
There are monsters nearby!
You swap places.
There is an open door here.
Casting: Summon Small Mammal (safe; 4% risk of failure)
Confirm with . or Enter, or press ? or * to list all spells.
Your quokka closely misses the quokka.
The quokka misses your quokka.
Your quokka disappears in a puff of smoke!
Your quokka bites the quokka but does no damage.
The quokka closely misses your quokka.
Your quokka closely misses the quokka.
The bat closely misses your quokka. The bat closely misses your quokka.
The quokka misses your quokka.
Your quokka barely misses the quokka.
The quokka completely misses your quokka.
The bat closely misses your quokka. The bat barely misses your quokka.
Your quokka barely misses the quokka.
The quokka bites you.
The bat hits your quokka but does no damage.
Your quokka misses the bat. The bat barely misses your quokka.
The quokka misses you.
Your quokka barely misses the bat.
The bat closely misses your quokka. The quokka closely misses you.
Your quokka closely misses the bat.
The bat barely misses your quokka. The quokka closely misses you.
Your quokka closely misses the bat.
The bat hits your quokka. The quokka misses you.
Your quokka closely misses the bat.
The quokka closely misses you. The bat closely misses your quokka.
Your quokka closely misses the bat.
The quokka closely misses you.
Your quokka bites the bat.
The bat closely misses your quokka. The quokka barely misses you.
Your quokka misses the bat. The bat misses your quokka.
Casting: Summon Small Mammal (safe; 4% risk of failure)
Confirm with . or Enter, or press ? or * to list all spells.
The bat closely misses your quokka. The quokka bites you.
Ouch! That really hurt!
You die...

###### #....#
#....# ####r...#
#########..@r.>.+
#......†..##..b.#
#.##########.r.[#
#>........
........
#.###.####
########
#.###+###
##......#
+......# #......#


You could see a quokka, a bat (ally target) and 2 friendly quokkas.

Vanquished Creatures (collateral kills)
  A bat (D:1)
  A rat (D:1)
2 creatures vanquished.

Notes
Turn   | Place    | Note
-------+----------+-------------------------------------------
     0 | D:1      | croobank the Felid Summoner began the quest for the Orb.
     0 | D:1      | Reached XP level 1. HP: 7/7 MP: 4/4
   130 | D:1      | Slain by a quokka

Illustrated notes

Levels and vault maps discovered:
D:1:      minmay_arrival_arboretum_small, layout_basic,
          shapermc_ecumenical_altar_mp_urbaneastern

Action                   || total
-------------------------++-------
 Cast: Summon Small Mamm ||     7
Dodge: Dodged            ||     7
